 Dungeon Crawl Stone Soup version 0.30-a0-702-gdf48620a09 (webtiles) character file.

Game seed: 9913825772408274979

40 holysushi the Trooper (level 3, -1/40 HPs)
             Began as an Ogre Berserker on Jan 21, 2023.
             Was a Follower of Trog.
             Slain by a gnoll
             ... wielding a +0 spear
              (4 damage)
             ... on level 2 of the Dungeon.
             The game lasted 00:01:19 (1293 turns).

holysushi the Trooper (Ogre Berserker)              Turns: 1293, Time: 00:01:20

Health: -1/40      AC:  3    Str: 23    XL:     3   Next: 50%
Magic:  3/3        EV: 10    Int:  8    God:    Trog [*.....]
Gold:   94         SH:  0    Dex:  8    Spells: 2/2 levels left

rFire   . . .      SeeInvis .    a - +0 mace
rCold   . . .      Faith    .    (no shield)
rNeg    . . .      Spirit   .    b - +0 animal skin
rPois   .          Reflect  .    (helmet restricted)
rElec   .          Harm     .    (no cloak)
rCorr   .          Rampage  .    (gloves unavailable)
Will    .....                    (boots unavailable)
Stlth   +                        (no amulet)
HPRegen 0.26/turn                (no ring)
MPRegen 0.08/turn                (no ring)

@: no status effects
A: large, unfitting armour, tough skin 1
a: Renounce Religion, Berserk


You were on level 2 of the Dungeon.
You worshipped Trog.
Trog was aware of your devotion.
You visited 1 branch of the dungeon, and saw 2 of its levels.

You collected 94 gold pieces.

Inventory:

Hand Weapons
 a - a +0 mace (weapon)
 j - a +0 whip
Armour
 b - a +0 animal skin (worn)
Scrolls
 d - a scroll of amnesia {unknown}
 h - a scroll of poison {unknown}
 k - a scroll of immolation {unknown}
 l - 2 scrolls of identify {unknown}
 m - a scroll of brand weapon {unknown}
Potions
 c - a potion of cancellation {unknown}
 e - 2 potions of curing {unknown}
 f - 2 potions of haste {unknown}
 g - a potion of resistance {unknown}
 i - a potion of degeneration {unknown}


   Skills:
 + Level 4.6 Fighting
 * Level 3.6 Maces & Flails
 - Level 2.6 Dodging


You had 2 spell levels left.
You didn't know any spells.
Your spell library was empty.

Dungeon Overview and Level Annotations

Branches:
Dungeon (2/15) Zot: 10679

Altars:

Annotations:
D:1 exclusion: 2 doors


Innate Abilities, Weirdness & Mutations

You are too large for most types of armour.
You have tough skin. (AC +1)


Message History

An endoplasm comes into view.
Found three items.
There is an open door here.
An endoplasm is nearby!
An endoplasm is nearby!
The helpless endoplasm fails to defend itself.
You sock the endoplasm!
You kill the endoplasm!
Trog accepts your kill.
l - 2 scrolls labelled PUONIGALESS (gained 1)
m - a scroll labelled CISAEKHOLA No target in view!
You now have 94 gold pieces (gained 6).
You open the door.
There is an open door here.
Found a stone staircase leading down.
No target in view!
No target in view!
Found an escape hatch in the floor.
No target in view! 2 gnolls come into view.
The gnoll shouts! x2
There are monsters nearby!
A gnoll comes into view. It is wielding a +0 halberd.
The gnoll hits you from afar with a +0 spear.
There are monsters nearby!
There are monsters nearby!
The gnoll hits you with a +0 spear.
There are monsters nearby!
You closely miss the gnoll.
The gnoll shouts!
You hear a shout!
The gnoll barely misses you. The gnoll hits you with a +0 spear.
A gnoll comes into view.
It is wielding a +0 halberd of freezing.
The gnoll hits you with a +0 spear! The gnoll hits you with a +0 club.
The gnoll attacks as you move away! The gnoll hits you with a +0 spear!
* * * LOW HITPOINT WARNING * * *
The gnoll hits you from afar with a +0 spear!
* * * LOW HITPOINT WARNING * * *
The gnoll hits you from afar with a +0 spear.
You die...

#+# #.# #.#
##.#########
####...#.......
#.#......#
#.#...#.# #.
#.#.##.#
....##>@##g##..
#......gg...#
#>#.##.##.####
#.# #.##.# ##
#.##.. #.####
#.# #.# #.#


You could see 2 gnolls.

Vanquished Creatures
  2 dart slugs
  3 endoplasms
  A giant cockroach (D:2)
  4 goblins
  4 hobgoblins
  4 jackals (D:2)
  2 kobolds (D:1)
  A quokka (D:1)
  3 ball pythons
  6 bats
  A frilled lizard (D:2)
  A rat (D:1)
32 creatures vanquished.

Notes
Turn   | Place    | Note
-------+----------+-------------------------------------------
     0 | D:1      | holysushi the Ogre Berserker began the quest for the Orb.
     0 | D:1      | Reached XP level 1. HP: 24/24 MP: 1/1
    93 | D:1      | Found a faded altar of an unknown god.
   278 | D:1      | Reached XP level 2. HP: 29/32 MP: 2/2
   908 | D:2      | Reached XP level 3. HP: 40/40 MP: 3/3
  1288 | D:2      | HP: 2/40 [gnoll/+0 spear (7)]
  1293 | D:2      | Slain by a gnoll

Illustrated notes

Levels and vault maps discovered:
D:1:      dpeg_arrival_morbid_curiosity, layout_basic,
          ebering_ecumenical_altar_webs, serial_forest,
          infiniplex_forest_clump_small, infiniplex_forest_clump_tiny,
          infiniplex_forest_clump_small, infiniplex_forest_clump_double,
          infiniplex_forest_straight_3, minmay_pentomino_z2
D:2:      layout_loops_corners, minmay_tripent

Skill      XL: |  1 |
---------------+----+-----
Maces & Flails | 3 |  3.6
Fighting       | |  4.6
Dodging        | |  2.6

Action                   || total
-------------------------++-------
Melee: Mace              ||   111
       Punch             ||     1
 Stab: Distracted        ||     1
       Sleeping          ||     1
Armor: Animal skin       ||    41
Dodge: Dodged            ||    96

Table legend: (Time is in decaauts)
 A = Elapsed time spent in this place.
 B = Non-inter-level travel time spent in this place.
 C = Inter-level travel time spent in this place.
 D = Time resting spent in this place.
 E = Time spent auto-exploring this place.
 F = Levels seen in this place.
 G = Mean time per level.
                   A        B        C        D        E       F      G
               +--------+--------+--------+--------+--------+-----+--------+
         Total |   1319 |   1305 |     14 |      0 |    984 |   2 |  659.5 |
       Dungeon |   1319 |   1305 |     14 |      0 |    984 |   2 |  659.5 |
               +--------+--------+--------+--------+--------+-----+--------+

Top non-repeatable levels by time:
     D:1: 867 daAuts
     D:2: 451 daAuts
